Map: Blackpink LE

Players

LaGGzOr

  • Race: Zerg Zerg
  • League: Diamond
  • Spawn Location: 7:00

Beckendorf - Winner!

  • Race: Terran Terran
  • League: Diamond
  • Spawn Location: 1:00

VOD

Have the link to the VOD?

Description

Time

  • Played on: Dec. 13, 2017, 9:49 p.m.
  • Length: 13:10
Show
View Real Time Build Order
Export as new Build Order

LaGGzOr Zerg 

Build Orders: Hatch First 

Get SALT Encoding   

  12  0:00  Drone  
  13  0:12  Overlord  
  13  0:17  Drone  
  14  0:30  Drone x2  
  14  0:35  Drone  
  17  0:52  Hatchery  
  17  0:55  Drone  
  17  0:59  Extractor  
  17  1:00  Drone  
  17  1:14  Spawning Pool  
  17  1:17  Drone  
  17  1:23  Drone  
  18  1:30  Drone  
  19  1:40  Overlord  
  19  1:53  Drone  
  20  2:01  Queen  
  20  2:04  Queen, Metabolic Boost  
  20  2:07  Zergling x2  
  25  2:10  Zergling x2  
  26  2:17  Drone  
  26  2:18  Drone  
  28  2:26  Drone x2  
  29  2:52  Drone x3, Hatchery  
  31  3:01  Queen  
  31  3:03  Overlord  
  33  3:12  Drone x2  
  35  3:22  Drone  
  35  3:23  Drone x5  
  41  3:45  Drone  
  41  3:46  Drone  
  41  3:47  Overlord  
  41  3:48  Overlord  
  43  3:59  Zergling x2  
  44  4:09  Evolution Chamber  
  43  4:10  Evolution Chamber  
  43  4:12  Zergling x12  
  43  4:15  Queen  
  50  4:20  Drone x3  
  50  4:23  Queen  
  55  4:27  Queen  
  57  4:32  Baneling Nest  
  57  4:34  Zergling x2  
  57  4:35  Zergling x12  
  57  4:38  Zerg Melee Weapons Level 1  
  63  4:42  Zerg Ground Armor Level 1  
  59  4:59  Drone x2  
  65  5:00  Drone x5  
  65  5:01  Overlord  
  66  5:14  Extractor x2, Lair  
  66  5:20  Drone x4  
  68  5:26  Drone x2  
  68  5:27  Drone  
  71  5:33  Hatchery  
  70  5:42  Zergling x6  
  72  5:43  Zergling x2  
  72  5:47  Baneling x4  
  73  5:52  Baneling x2  
  62  6:07  Queen  
  62  6:08  Queen  
  60  6:16  Spore Crawler  
  60  6:18  Spore Crawler  
  51  6:22  Queen  
  51  6:24  Hydralisk Den  
  50  6:30  Overseer  
  45  6:43  Queen x2  
  45  6:44  Zergling x2  
  45  6:45  Zergling x22  
  58  6:57  Queen  
  60  7:04  Spore Crawler  
  60  7:06  Drone  
  60  7:07  Drone x7  
  65  7:25  Drone  
  65  7:26  Drone x3  
  65  7:27  Queen  
  71  7:31  Baneling x7  
  71  7:39  Extractor  
  71  7:40  Extractor  
  69  7:50  Baneling x4  
  69  7:54  Drone  
  69  7:55  Drone x10  
  66  8:29  Hydralisk  
  66  8:30  Hydralisk x3  
  76  8:37  Drone x4  
  77  8:46  Drone x3  
  77  8:47  Drone x3  
  79  8:50  Overlord x2  
  79  8:51  Overlord  
  79  8:53  Queen  
  79  9:18  Drone x4  
  79  9:19  Drone x11  
  79  9:23  Zerg Missile Weapons Level 1, Infestation Pit, Zerg Ground Armor Level 2  
  93  9:32  Spore Crawler  
  93  9:34  Spore Crawler  
  93  9:35  Spore Crawler  
  90  9:41  Extractor  
  90  9:43  Extractor  
  90  9:44  Overlord  
  90  9:45  Overlord x3  
  88  10:07  Zergling x2  
  88  10:08  Zergling x30  
  104  10:23  Hydralisk  
  104  10:24  Hydralisk x7  
  120  10:28  Baneling  
  120  10:29  Baneling  
  120  10:30  Baneling x9  
  117  10:40  Centrifical Hooks  
  116  10:47  Hydralisk  
  116  10:48  Hydralisk x4  
  124  11:05  Hive  
  123  11:19  Overlord x2  
  123  11:20  Overlord  
  104  11:32  Zergling x2  
  89  11:33  Zergling x18  
  92  11:52  Hatchery  
  91  12:06  Hatchery, Hydralisk Den  
  91  12:08  Baneling  
  89  12:09  Baneling  
  89  12:10  Baneling x17  
  89  12:20  Zergling x2  
  89  12:21  Zergling x28  
  83  12:45  Zergling x2  
  83  12:46  Zergling x20  
Show
View Real Time Build Order
Export as new Build Order

Beckendorf Terran - Winner!

Build Orders: Reaper Expand, Hellion Banshee, MMM Bio 

Get SALT Encoding   

  12  0:02  SCV  
  13  0:14  SCV  
  13  0:19  Supply Depot  
  14  0:27  SCV  
  15  0:30  Refinery  
  15  0:41  SCV  
  16  0:46  Barracks  
  16  0:53  SCV  
  17  1:05  SCV  
  18  1:17  SCV  
  19  1:34  Orbital Command  
  19  1:35  Reaper  
  20  1:44  Command Center  
  20  1:54  Factory  
  20  2:00  SCV  
  21  2:08  Barracks Reactor  
  21  2:09  Supply Depot  
  21  2:12  SCV  
  22  2:18  Refinery  
  22  2:24  SCV  
  23  2:49  SCV  
  23  2:56  Starport  
  23  2:59  Barracks Tech Lab  
  23  3:01  Hellion x2  
  23  3:02  Orbital Command  
  27  3:06  SCV  
  28  3:18  SCV  
  29  3:22  Hellion x2  
  33  3:30  SCV  
  33  3:32  SCV  
  35  3:41  Banshee  
  35  3:42  SCV  
  35  3:43  Cloaking Field, Hellion  
  35  3:44  SCV, Hellion  
  44  3:55  SCV  
  45  3:56  SCV  
  45  4:00  Armory  
  45  4:01  Barracks Tech Lab  
  46  4:07  Refinery  
  46  4:11  Supply Depot  
  46  4:16  Supply Depot  
  46  4:17  SCV x2  
  46  4:24  Banshee, Hellion  
  50  4:29  SCV  
  54  4:32  SCV, Hellion  
  54  4:35  Supply Depot  
  57  4:57  SCV, Hellion x2  
  62  5:08  Supply Depot  
  62  5:11  Command Center  
  62  5:14  SCV x2, Stimpack  
  64  5:19  Hellion  
  64  5:20  Hellion  
  69  5:28  SCV x2  
  69  5:33  Barracks  
  70  5:39  Starport Reactor  
  48  6:16  Hellion  
  48  6:32  Orbital Command  
  48  6:33  Barracks Tech Lab  
  48  6:36  Medivac x2, Barracks  
  48  6:37  Widow Mine x2  
  48  6:38  Barracks x2  
  56  6:55  Liberator x2  
  56  6:56  Marauder  
  56  6:58  Marauder  
  57  7:06  Orbital Command, Hellion x2  
  64  7:16  Combat Shields  
  64  7:17  Concussive Shells, Marine  
  64  7:19  Marine  
  66  7:23  Engineering Bay  
  66  7:24  Engineering Bay  
  66  7:25  Refinery  
  66  7:27  Barracks Reactor  
  66  7:28  Barracks Reactor x2  
  66  7:32  SCV x2  
  66  7:35  Marine  
  69  7:37  SCV  
  69  7:38  Marine  
  71  7:44  SCV  
  71  7:47  Refinery  
  71  7:48  Refinery  
  72  7:52  Marine  
  72  7:55  Marine, Barracks  
  72  7:56  Barracks  
  74  8:07  Siege Tank, Marine x2  
  74  8:08  Marine x3  
  74  8:09  Medivac x2  
  74  8:10  SCV, Marine  
  74  8:11  SCV  
  67  8:33  Marine  
  67  8:34  Marine x6  
  67  8:39  Siege Tank  
  67  8:41  Marine  
  76  8:43  Terran Infantry Weapons Level 1, Terran Infantry Armor Level 1  
  76  8:46  SCV x3  
  80  8:51  Marine  
  80  8:52  Marine x2  
  80  8:54  Marine x2  
  85  8:58  SCV x3  
  88  9:06  Barracks Tech Lab  
  88  9:08  Marauder x2, Marine  
  88  9:09  Marine  
  91  9:10  SCV, Medivac x2  
  91  9:11  SCV x2, Siege Tank  
  101  9:33  Supply Depot  
  101  9:34  Marine x2  
  101  9:35  SCV, Supply Depot  
  101  9:38  SCV, Supply Depot, Marine x2  
  101  9:44  Siege Tank  
  101  9:45  Marauder  
  109  9:50  Supply Depot  
  109  9:51  Supply Depot, Terran Vehicle Weapons Level 1  
  109  9:52  Supply Depot  
  109  9:55  Marauder, Marine x5  
  109  9:56  Marine  
  117  10:10  Marine  
  118  10:16  Siege Tank  
  121  10:35  Marine x3  
  124  10:36  Marauder x2  
  124  10:38  Terran Infantry Armor Level 2, Terran Infantry Weapons Level 2  
  124  10:39  SCV x3  
  131  10:48  Siege Tank  
  134  11:03  Marine x2  
  134  11:04  Marine x2  
  137  11:08  SCV x2  
  137  11:09  Command Center  
  140  11:20  Siege Tank  
  113  11:37  Marine x5  
  113  11:38  Marine x3  
  113  11:39  Marauder  
  116  11:47  Medivac x2  
  116  11:52  Siege Tank  
  123  11:54  Marine  
  123  11:55  Marine x2  
  123  11:56  Marauder  
  123  12:00  Command Center  
  128  12:03  Supply Depot, Marauder x2, Marine x3  
  128  12:05  Supply Depot  
  128  12:06  Supply Depot  
  135  12:26  Supply Depot  
Tags
 
Add a new tag
Caveats
  • Supply blocks, unpowered buildings, or Contaminate may cause inaccurate times.
  • Supply counts are checked every 10 seconds.